 Dungeon Crawl Stone Soup version v3.33-hellcrawl (webtiles) character file.

11201 FastMan the Brawler (level 13, -10/118 HPs)
             Began as a Ghoul Fighter on May 14, 2017.
             Was an Elder of Makhleb.
             Killed by divine providence
             ... invoked by a meliai
              (13 damage)
             ... on level 15 of the Dungeon.
             The game lasted 00:15:27 (13528 turns).

FastMan the Brawler (Ghoul Fighter)                Turns: 13528, Time: 00:15:28

Health: -10/118    AC: 17 (39%)Str: 26  XL:     13   Next: 57%
Magic:  0/15       EV:  6    Int:  6    God:    Makhleb [****..]
Gold:   1526       SH: 12    Dex: 10    Spells: 12/12 levels left

rFire    . . .     SeeInvis .     - Unarmed
rCold    + . .     Faith    .   b - +0 shield
rNeg     + + +     Spirit   +   t - +0 plate armour of Mups {rElec rN+ Str+3}
rPois    ∞         Reflect  .   p - +0 helmet
rElec    +                      v - +0 cloak
rCorr    +                      (no gloves)
MR       .....                  o - +2 pair of boots {run}
Stlth    ..........             l - amulet of guardian spirit
Regen    0.0/turn               i - +3 ring of intelligence
MPRegen  0.3/turn               r - ring of resist corrosion

@: about to teleport, quick
A: hp from kills, claws 1, cold resistance 1, negative energy resistance 3,
inhibited regeneration, torment resistance, unbreathing
a: Minor Destruction, Lesser Servant of Makhleb, Major Destruction, Renounce
Religion


You were on level 15 of the Dungeon.
You worshipped Makhleb.
Makhleb was greatly pleased with you.
You were not hungry.

You visited 1 branch of the dungeon, and saw 15 of its levels.

You collected 1526 gold pieces.

Inventory:

Missiles
 j - 80 javelins (quivered)
 m - 118 javelins of penetration
 B - 6 curare darts
Armour
 b - a +0 shield (worn)
 o - a +2 pair of boots of running (worn)
 p - a +0 helmet (worn)
 t - the +0 plate armour of Mups (worn) {rElec rN+ Str+3}
   (You found it on level 4 of the Dungeon)

   It affects your strength (+3).
   It insulates you from electricity.
   It protects you from negative energy.
 v - a +0 cloak (worn)
Jewellery
 i - a +3 ring of intelligence (left claw)
 l - an amulet of guardian spirit (around neck)
 r - a ring of resist corrosion (right claw)
Scrolls
 d - 3 scrolls of fog
 e - 5 scrolls of magic mapping
 f - 2 scrolls of blinking {@r4}
 q - 4 scrolls of enchant armour
 u - 2 scrolls of enchant weapon
 y - a scroll of teleportation {@r3}
 A - a scroll of immolation
Potions
 a - 3 potions of agility {@q5}
 c - 2 potions of might {@q4}
 g - 3 potions of flight
 h - 6 potions of curing {@q1}
 k - 2 potions of cancellation
 n - 4 potions of magic
 s - 3 potions of heal wounds {@q2}
 w - 2 potions of haste {@q3}
 x - a potion of resistance
 z - a potion of brilliance {@q6}
Miscellaneous
 C - a lamp of fire


   Skills:
 * Level 12.1 Fighting
 + Level 3.8 Armour
 + Level 10.7 Shields
 * Level 16.5 Unarmed Combat
 - Level 4.3 Invocations


You had 12 spell levels left.
You didn't know any spells.

Dungeon Overview and Level Annotations

Branches:
Dungeon (15/15)               Orc (0/2) D:15         Depths (0/3) D:15
 Vaults: D:15

Altars:
Cheibriados
Dithmenos
Elyvilon
Gozag
Hepliaklqana
Kikubaaqudgha
Makhleb
Nemelex Xobeh
Okawaru
Qazlal
Ru
Sif Muna
Trog
Uskayaw
Vehumet
Xom
Yredelemnul
Zin
The Shining One
Lugonu

Shops:
D:10 [


Innate Abilities, Weirdness & Mutations

You restore health by killing enemies.
You are immune to poison.
You have sharp fingernails.
Your flesh is cold resistant. (rC+)
You are immune to negative energy. (rN+++)
You do not regenerate when monsters are visible.
You are immune to unholy pain and torment.
You can survive without breathing.


Message History

Something smites you (7)! The warg bites you but does no damage.
The meliai invokes the aid of its god against you.
Something smites you (13)!
* * * LOW HITPOINT WARNING * * *
The blizzard demon waves its arms in wide circles.
The air twists around and strikes you (10)!
* * * LOW HITPOINT WARNING * * *
The meliai hits you but does no damage. You block the meliai's attack.
The orc wizard casts a spell.
The orc wizard seems to speed up.
Unknown command.
The meliai calls down the wrath of its god upon you.
Something smites you (16)!
* * * LOW HITPOINT WARNING * * *
The blizzard demon waves its arms in wide circles.
The air twists around and strikes you (6)!
* * * LOW HITPOINT WARNING * * *
The meliai calls down the wrath of its god upon you.
Something smites you (13)!
You die...

..))...÷...P........P.P,,,,,,,,*,
))))..........).......#.,,,,,,,*,
)########...P........#..P,,,,,,*,
)#*,,,,,##......#.....PP..,,,,,**
##,,,,,,,##.P..............,,,,,,
#,,*****,,#.....P..........,,,,,,
#,,*,,,*,,#....#...........*,,,,,
#,,+,>,*,,+...#....e*......,,,,,,
*,,*,,,*,,#...#.@y.oP......*,*,,,
*,,*****,,#......ho....h...,*,,,,
**,,,,,,,*#...?.yO..?o.....,,,,,,
,**,,,,,**##......2yoD.'#.,,,,,,,
,******** #.....?...(o.....,,,,,,
,,* ##..P..........P.,,,,,, ,,*
#.###............,,,,,, ,,**
##*..........#...,,,,,, ,,,******
####......#.,.P,*,,,,


You could see a six-headed hydra, an orc knight, a blizzard demon, a two-headed
ogre, a deep elf mage, 2 wargs, an orc warrior, 3 meliai, an orc priest, an orc
wizard, a battlesphere and an orc.

Vanquished Creatures
  A hell beast (D:13)
  2 two-headed ogres
  2 centaur warriors (D:14)
  2 orc high priests
  An orc knight (D:14)
  2 wolf spider zombies
  2 deep elf magi
  2 cyclopes
  3 ugly things
  A manticore (D:13)
  A black mamba (D:14)
  2 torpor snails
  A spiny frog (shapeshifter) (D:14)
  3 orange demons (D:13)
  2 spiny frogs
  A rime drake (D:13)
  2 gargoyles
  4 trolls
  2 meliai (D:12)
  9 slime creatures
  A shadow (D:14)
  13 yaks
  A wraith (D:10)
  7 wyverns
  Eustachio (D:5)
  3 angry ghosts
  A steam dragon (D:7)
  Edmund (D:6)
  2 wargs
  2 acid dragons
  A water moccasin (D:8)
  8 orc warriors
  3 spiny frog skeletons
  4 ice beasts
  2 phantoms
  6 ogres
  18 centaurs
  6 big kobolds
  A bullfrog (D:6)
  2 wyvern zombies
  2 wyvern skeletons
  A scorpion (D:8)
  7 wights (D:7)
  13 killer bees
  An electric eel (D:13)
  A wasp zombie (D:8)
  5 centaur zombies
  3 jellies
  3 hounds
  7 orc priests
  11 centaur skeletons
  9 iron imps (D:13)
  12 orc wizards
  4 worker ants
  An iguana (D:9)
  A killer bee zombie (D:5)
  2 hound skeletons
  A worker ant zombie (D:5)
  10 gnolls
  8 adders
  A shadow imp (D:5)
  2 oozes
  A dart slug (D:4)
  50 orcs
  7 quokkas
  7 bats
  9 giant cockroaches
  8 hobgoblins
  63 kobolds
  A ball python (D:3)
  2 frilled lizards
  9 goblins
  A jackal skeleton (D:5)
  A quokka skeleton (D:4)
  7 rats
399 creatures vanquished.

Vanquished Creatures (collateral kills)
  2 two-headed ogres (D:15)
  An ogre mage (D:15)
  A cyclops (D:15)
  A centaur skeleton (D:15)
  A meliai (D:12)
  A wyvern (D:15)
  3 orc warriors (D:15)
  2 ogres (D:15)
  A centaur zombie (D:12)
  An orc priest (D:15)
  8 orcs (D:15)
  A fungus (D:15)
  A plant (D:15)
24 creatures vanquished.

Vanquished Creatures (others)
  A plant (D:4)
1 creature vanquished.

Grand Total: 424 creatures vanquished

Notes
Turn   | Place    | Note
-------+----------+-------------------------------------------
     0 | D:1      | FastMan the Ghoul Fighter began the quest for the Orb.
     0 | D:1      | Reached XP level 1. HP: 19/19 MP: 0/0
   123 | D:1      | Reached XP level 2. HP: 25/26 MP: 1/1
   542 | D:2      | Reached skill level 3 in Unarmed Combat
   542 | D:2      | Reached XP level 3. HP: 23/33 MP: 2/2
   962 | D:2      | Reached XP level 4. HP: 40/40 MP: 3/3
  1256 | D:2      | Found a bloodstained altar of Trog.
  1525 | D:3      | Reached skill level 4 in Unarmed Combat
  1573 | D:3      | Found a radiant altar of Vehumet.
  1615 | D:3      | Reached XP level 5. HP: 47/47 MP: 2/4
  1829 | D:3      | Identified a +0 pair of boots of running (You found it on level 3 of the Dungeon)
  1845 | D:3      | Found a hazy altar of Hepliaklqana.
  2007 | D:3      | Noticed an ogre
  2144 | D:3      | Killed an ogre
  2144 | D:3      | Reached XP level 6. HP: 26/53 MP: 5/5
  2568 | D:3      | Reached skill level 5 in Unarmed Combat
  2757 | D:3      | Reached skill level 5 in Fighting
  2757 | D:3      | Reached XP level 7. HP: 61/61 MP: 6/6
  2783 | D:3      | Reached skill level 6 in Unarmed Combat
  3154 | D:3      | Found an opulent altar of Gozag.
  3700 | D:4      | Reached skill level 7 in Unarmed Combat
  3709 | D:4      | Got the +0 plate armour of Mups {rElec rN+ Str+3}
  3791 | D:4      | Found a sacrificial altar of Ru.
  3868 | D:4      | Found a burning altar of Makhleb.
  3876 | D:4      | Reached XP level 8. HP: 70/70 MP: 7/7
  3881 | D:4      | Became a worshipper of Makhleb the Destroyer
  4012 | D:4      | Found a glowing golden altar of the Shining One.
  4272 | D:5      | Entered Level 5 of the Dungeon
  4305 | D:5      | Reached skill level 5 in Shields
  4351 | D:5      | Found a basalt altar of Yredelemnul.
  4600 | D:5      | Found a bloodstained altar of Trog.
  4711 | D:5      | Noticed Eustachio
  4732 | D:5      | Killed Eustachio
  4732 | D:5      | Reached skill level 8 in Unarmed Combat
  4751 | D:5      | Found a shadowy altar of Dithmenos.
  4751 | D:5      | Found a snail-covered altar of Cheibriados.
  4847 | D:5      | Found a runed door.
  5053 | D:5      | Reached * piety under Makhleb
  5138 | D:5      | Found a burning altar of Makhleb.
  5373 | D:6      | Reached XP level 9. HP: 79/79 MP: 8/8
  5390 | D:6      | Found a stormy altar of Qazlal.
  5405 | D:6      | Noticed Edmund
  5418 | D:6      | Killed Edmund
  5418 | D:6      | Reached skill level 9 in Unarmed Combat
  5639 | D:6      | Found a sacrificial altar of Ru.
  5904 | D:7      | Reached ** piety under Makhleb
  5915 | D:7      | Noticed a spiny frog
  5934 | D:7      | Killed a spiny frog
  5934 | D:7      | Reached skill level 10 in Unarmed Combat
  5947 | D:7      | Found a hide-covered altar of Uskayaw.
  5958 | D:7      | Found a deep blue altar of Sif Muna.
  5970 | D:7      | Found an iron altar of Okawaru.
  5971 | D:7      | Found a white marble altar of Elyvilon.
  5977 | D:7      | Found a sparkling altar of Nemelex Xobeh.
  5978 | D:7      | Found a glowing silver altar of Zin.
  6253 | D:7      | Found an ancient bone altar of Kikubaaqudgha.
  6289 | D:7      | Reached skill level 1 in Invocations
  6480 | D:7      | Reached XP level 10. HP: 88/88 MP: 10/10
  6510 | D:7      | Found a shimmering altar of Xom.
  7126 | D:8      | Reached skill level 11 in Unarmed Combat
  7874 | D:9      | Reached skill level 12 in Unarmed Combat
  8068 | D:9      | Reached XP level 11. HP: 81/95 MP: 11/13
  8159 | D:9      | Reached *** piety under Makhleb
  8386 | D:10     | Entered Level 10 of the Dungeon
  8451 | D:10     | Reached skill level 13 in Unarmed Combat
  8571 | D:10     | Noticed a purple ugly thing
  8578 | D:10     | Killed a purple ugly thing
  8877 | D:10     | Found Innosed's Armour Emporium.
  9102 | D:11     | Noticed a deep elf mage
  9107 | D:11     | Killed a deep elf mage
  9154 | D:11     | Noticed a two-headed ogre
  9197 | D:11     | Killed a two-headed ogre
  9508 | D:11     | Noticed an orc high priest
  9541 | D:11     | Killed an orc high priest
  9558 | D:11     | Reached skill level 14 in Unarmed Combat
 10070 | D:11     | Reached XP level 12. HP: 106/106 MP: 14/14
 10165 | D:12     | Reached skill level 10 in Fighting
 10387 | D:12     | Noticed an orc high priest
 10391 | D:12     | Noticed a sun demon
 10404 | D:12     | Killed an orc high priest
 10407 | D:12     | Reached **** piety under Makhleb
 11005 | D:13     | Reached skill level 15 in Unarmed Combat
 11406 | D:13     | Noticed a hell beast
 11670 | D:13     | Found a corrupted altar of Lugonu.
 11939 | D:13     | Killed a hell beast
 11939 | D:13     | Reached skill level 10 in Shields
 12175 | D:14     | Noticed a two-headed ogre
 12183 | D:14     | Killed a two-headed ogre
 12183 | D:14     | Reached XP level 13. HP: 116/116 MP: 15/15
 12213 | D:14     | Reached skill level 16 in Unarmed Combat
 13087 | D:15     | Entered Level 15 of the Dungeon
 13294 | D:15     | Reached ***** piety under Makhleb
 13523 | D:15     | Noticed a blizzard demon
 13528 | D:15     | HP: 3/118 [blizzard demon/the air[the player character] (5)]
 13528 | D:15     | Killed from afar by a meliai

Skill      XL: |  1  2  3  4  5  6  7  8  9 10 11 12 13 |
---------------+----------------------------------------+-----
Shields        | 3 4 5 6 7 9 10 | 10.7
Unarmed Combat | 3 4 5 7 8 10 12 14 15 16 | 16.5
Fighting       | 4 5 7 8 9 11 12 | 12.1
Invocations    | 1 4 |  4.3
Armour         | 3 |  3.8

Action                   |  1- 3 |  4- 6 |  7- 9 | 10-12 | 13-15 || total
-------------------------+-------+-------+-------+-------+-------++-------
Melee: Unarmed           |   113 |   251 |   553 |   654 |   165 ||  1736
Throw: Javelin           |       |     7 |       |     5 |       ||    12
Invok: Lesser Servant of |       |       |       |     2 |     5 ||     7
       Greater Servant o |       |       |       |       |     1 ||     1
  Use: Scroll            |       |     2 |     1 |       |     2 ||     5
       Potion            |       |       |     2 |     1 |       ||     3
 Stab: Paralysed         |       |       |     1 |       |       ||     1
Armor: Scale mail        |    55 |   106 |    75 |       |       ||   236
       Plate armour      |       |       |   182 |   310 |    48 ||   540
Dodge: Dodged            |    33 |    75 |    98 |    93 |    24 ||   323
Block: Shield            |    64 |   119 |   256 |   340 |    82 ||   861
